Map: Ascension to Aiur LE

Players

ShoWTimE

  • Race: Protoss Protoss
  • League: Grandmaster
  • Spawn Location: 5:00

Nerchio - Winner!

  • Race: Zerg Zerg
  • League: Grandmaster
  • Spawn Location: 11:00

Event: WESG Barcelona European Finals 2017

VOD

Have the link to the VOD?

Description

Time

  • Played on: Nov. 26, 2017, 10:36 a.m.
  • Length: 10:39

All games in this series

Show
View Real Time Build Order
Export as new Build Order

ShoWTimE Protoss 

Build Orders: 1 Gate Expand, Oracle Opening, Phoenix Opening 

Get SALT Encoding   

  12  0:01  Probe  
  13  0:13  Probe  
  14  0:20  Pylon  
  14  0:25  Probe  
  15  0:38  Probe (Chrono Boost)  
  15  0:39  Assimilator  
  16  0:48  Probe (Chrono Boost), Gateway  
  17  0:52  Probe  
  18  1:04  Probe (Chrono Boost)  
  20  1:15  Probe (Chrono Boost)  
  20  1:25  Nexus  
  20  1:36  Cybernetics Core  
  20  1:38  Probe  
  21  1:44  Assimilator  
  21  1:50  Probe  
  21  1:53  Pylon  
  22  2:02  Probe  
  23  2:12  Adept (Chrono Boost)  
  23  2:14  Probe  
  26  2:16  Stargate  
  26  2:26  Warp Gate  
  26  2:27  Probe  
  27  2:31  Adept  
  29  2:38  Probe  
  29  2:39  Probe  
  31  2:50  Probe  
  31  2:51  Probe  
  33  2:59  Oracle (Chrono Boost)  
  33  3:02  Probe  
  33  3:04  Adept  
  39  3:06  Probe  
  39  3:10  Pylon  
  40  3:14  Probe  
  40  3:18  Probe  
  42  3:25  Phoenix (Chrono Boost)  
  42  3:27  Probe  
  45  3:30  Probe  
  45  3:31  Gateway  
  46  3:36  Gateway  
  46  3:39  Probe  
  47  3:42  Probe  
  47  3:48  Pylon  
  48  3:51  Probe, Oracle  
  53  3:56  Probe (Chrono Boost)  
  53  3:59  Assimilator  
  53  4:03  Assimilator, Probe (Chrono Boost)  
  55  4:12  Robotics Facility  
  55  4:15  Probe x2 (Chrono Boost)  
  56  4:17  Probe  
  56  4:18  Probe  
  58  4:26  Pylon  
  58  4:29  Probe  
  58  4:31  Probe  
  60  4:41  Probe  
  60  4:43  Probe  
  62  4:46  Nexus  
  62  4:47  Pylon  
  62  4:50  Pylon  
  62  4:54  Probe  
  62  4:55  Probe  
  64  5:06  Probe  
  63  5:07  Probe, Warp Prism (Chrono Boost)  
  63  5:09  Sentry x3  
  63  5:11  Shield Battery  
  72  5:16  Twilight Council  
  72  5:18  Probe  
  72  5:19  Probe, Forge  
  74  5:30  Probe  
  74  5:31  Probe  
  74  5:33  Observer (Chrono Boost), Robotics Bay  
  77  5:36  Pylon  
  77  5:42  Probe  
  78  5:43  Probe  
  79  5:51  Immortal (Chrono Boost)  
  79  5:53  Protoss Ground Weapons Level 1  
  79  5:54  Probe  
  79  5:55  Probe  
  85  5:58  Probe  
  85  5:59  Phoenix  
  88  6:05  Gateway  
  88  6:06  Gateway, Probe  
  88  6:07  Probe  
  88  6:10  Probe  
  91  6:12  Blink (Chrono Boost)  
  91  6:16  Assimilator  
  91  6:18  Assimilator, Probe  
  91  6:19  Probe  
  91  6:23  Probe  
  94  6:30  Colossus (Chrono Boost)  
  97  6:35  Extended Thermal Lance  
  97  6:43  Gateway  
  97  6:44  Gateway  
  97  6:48  Gateway  
  97  6:51  Shield Battery x2  
  97  6:53  Pylon  
  97  7:03  Colossus (Chrono Boost)  
  103  7:09  Stalker x3  
  103  7:10  Forge  
  109  7:20  Photon Cannon  
  109  7:23  Pylon  
  109  7:24  Shield Battery  
  109  7:26  Pylon  
  109  7:28  Stalker x2  
  113  7:32  Pylon  
  113  7:33  Stalker x2  
  114  7:37  Phoenix (Chrono Boost)  
  114  7:42  Probe x3  
  109  7:49  Protoss Ground Weapons Level 2 (Chrono Boost)  
  106  7:54  Probe x2 (Chrono Boost)  
  106  7:55  Probe (Chrono Boost)  
  104  8:02  Phoenix  
  106  8:06  Probe x2 (Chrono Boost)  
  111  8:16  Probe x3 (Chrono Boost)  
  111  8:18  Probe  
  110  8:20  Probe x2  
  110  8:22  Charge (Chrono Boost)  
  110  8:29  Nexus  
  110  8:30  Probe  
  110  8:32  Colossus (Chrono Boost)  
  110  8:33  Sentry  
  119  8:36  Probe x2  
  119  8:40  Pylon  
  121  8:42  Protoss Ground Armor Level 1 (Chrono Boost)  
  121  8:45  Photon Cannon  
  121  8:48  Pylon  
  121  8:58  Zealot x2  
  121  8:59  Zealot x4  
  133  9:02  Shield Battery  
  133  9:04  Shield Battery  
  133  9:07  Templar Archives  
  133  9:10  Shield Battery  
  133  9:12  Shield Battery  
  133  9:18  Immortal (Chrono Boost)  
  133  9:24  Shield Battery  
  137  9:25  Photon Cannon  
  137  9:27  Photon Cannon  
  131  9:32  Photon Cannon, Shield Battery  
  131  9:34  Shield Battery  
  131  9:39  Probe x3  
  131  9:44  High Templar x3  
  131  9:45  High Templar  
  142  9:49  Archon x2  
  142  9:50  Zealot x3  
  148  9:57  Shield Battery  
  148  10:06  Stalker  
  137  10:12  Stalker x2  
  109  10:16  Stalker  
  109  10:17  Stalker  
  81  10:23  Zealot x3  
Show
View Real Time Build Order
Export as new Build Order

Nerchio Zerg - Winner!

Build Orders: Hatch First, Muta Ling Bane 

Get SALT Encoding   

  12  0:00  Drone  
  13  0:12  Overlord  
  13  0:17  Drone  
  14  0:30  Drone x2  
  14  0:34  Drone  
  17  0:51  Hatchery  
  17  0:54  Drone  
  17  0:58  Drone  
  17  1:00  Extractor  
  17  1:14  Spawning Pool  
  17  1:17  Drone  
  17  1:22  Drone  
  18  1:27  Drone  
  19  1:38  Overlord  
  19  1:49  Drone  
  20  2:01  Metabolic Boost, Queen  
  22  2:06  Queen  
  24  2:09  Zergling x2  
  24  2:12  Zergling x2  
  27  2:15  Drone  
  27  2:18  Drone  
  27  2:21  Drone  
  29  2:25  Drone  
  30  2:32  Drone  
  31  2:42  Hatchery  
  30  2:45  Drone  
  30  2:46  Drone  
  32  2:52  Overlord  
  32  2:58  Queen  
  32  3:01  Drone  
  32  3:03  Drone  
  36  3:11  Drone x3  
  39  3:13  Drone  
  39  3:14  Drone  
  39  3:16  Drone  
  39  3:18  Drone  
  43  3:22  Spore Crawler  
  43  3:26  Spore Crawler  
  41  3:28  Overlord  
  41  3:31  Drone  
  41  3:32  Drone  
  43  3:34  Drone  
  44  3:44  Overlord  
  44  3:46  Queen  
  44  3:47  Drone x2  
  48  3:49  Drone  
  48  3:50  Drone  
  48  3:52  Drone  
  51  3:58  Drone  
  51  4:02  Spore Crawler  
  51  4:03  Drone x2  
  51  4:04  Drone  
  51  4:05  Drone x2  
  51  4:06  Drone  
  51  4:08  Drone  
  58  4:11  Overlord  
  58  4:16  Lair  
  58  4:20  Spore Crawler  
  58  4:22  Spore Crawler  
  58  4:24  Drone x2  
  57  4:28  Overlord x2  
  57  4:29  Overlord  
  59  4:34  Spore Crawler  
  59  4:37  Overlord  
  58  4:38  Overlord  
  58  4:42  Overlord  
  57  4:47  Drone x6  
  57  4:49  Drone  
  57  4:51  Drone  
  65  4:54  Extractor  
  65  4:55  Extractor, Drone x3  
  65  4:56  Drone  
  67  5:00  Drone x2  
  67  5:03  Drone  
  67  5:04  Drone x2  
  68  5:09  Overlord  
  68  5:12  Drone x2  
  70  5:14  Overlord, Extractor  
  70  5:15  Evolution Chamber  
  68  5:23  Drone x3, Spire  
  68  5:24  Drone  
  68  5:27  Drone x2  
  68  5:28  Drone  
  74  5:29  Drone  
  75  5:38  Drone x2  
  75  5:39  Drone  
  75  5:41  Hatchery, Extractor  
  76  5:43  Drone, Hydralisk Den  
  76  5:48  Extractor, Drone x3  
  78  5:50  Overlord  
  78  5:55  Drone x3  
  78  5:56  Overlord  
  81  5:59  Overlord  
  81  6:02  Drone  
  81  6:03  Drone  
  83  6:05  Extractor, Drone  
  83  6:09  Extractor  
  82  6:12  Queen  
  85  6:22  Drone x2  
  87  6:28  Drone x3  
  83  6:35  Mutalisk x8  
  83  6:38  Overlord  
  83  6:39  Queen  
  99  6:45  Muscular Augments  
  99  6:46  Overlord  
  101  6:51  Baneling Nest  
  101  6:53  Hydralisk x2  
  104  6:55  Hydralisk  
  104  6:56  Overlord  
  104  6:58  Hydralisk  
  108  7:05  Zerg Melee Weapons Level 1  
  108  7:06  Hydralisk  
  110  7:09  Hydralisk  
  110  7:12  Hydralisk  
  110  7:15  Drone x3  
  117  7:16  Hydralisk  
  117  7:17  Hydralisk  
  121  7:23  Hydralisk  
  121  7:24  Hydralisk  
  121  7:27  Hydralisk  
  121  7:28  Hydralisk  
  129  7:34  Hydralisk x2  
  133  7:45  Zergling x6, Centrifical Hooks  
  133  7:46  Overlord  
  133  7:50  Hydralisk x2  
  138  7:54  Zergling x26  
  149  8:00  Overlord  
  147  8:09  Corruptor x4  
  151  8:13  Corruptor  
  151  8:18  Extractor  
  151  8:19  Corruptor  
  150  8:28  Drone x2  
  150  8:32  Infestation Pit  
  151  8:36  Hatchery, Evolution Chamber  
  149  8:43  Corruptor x3  
  149  8:44  Corruptor  
  157  8:49  Overseer x2  
  157  8:51  Zergling x6  
  157  8:54  Drone x2  
  163  8:55  Drone  
  163  9:02  Pneumatized Carapace  
  163  9:08  Zergling x2  
  163  9:09  Zergling x8  
  166  9:18  Zergling x14  
  172  9:26  Zergling x12  
  172  9:29  Overlord  
  178  9:35  Baneling x13  
  178  9:36  Baneling  
  178  9:37  Baneling  
  178  9:40  Baneling  
  178  9:41  Baneling x7  
  178  9:52  Baneling x4  
  178  9:53  Baneling x9  
  139  10:14  Zergling x30  
  139  10:15  Zergling x8  
Tags
 
Add a new tag
Caveats
  • Supply blocks, unpowered buildings, or Contaminate may cause inaccurate times.
  • Supply counts are checked every 10 seconds.